 Dungeon Crawl Stone Soup version 0.20.1-1-g8b1a95d (webtiles) character file.

147 Knicklaso the Cutter (level 5, -5/30 HPs)
             Began as a Tengu Gladiator on Aug 16, 2017.
             Splashed by a jelly's acid (7 damage)
             ... on level 2 of the Dungeon.
             The game lasted 00:05:03 (1674 turns).

Knicklaso the Cutter (Tengu Gladiator)              Turns: 1674, Time: 00:05:04

Health: -5/30      AC: -7    Str: 15    XL:     5   Next: 29%
Magic:  6/6        EV: 12    Int:  8    God:
Gold:   51         SH:  0    Dex: 16    Spells: 4/4 levels left

rFire    . . .     SeeInvis .   a - +0 rapier
rCold    . . .     Gourm    .   (no shield)
rNeg     . . .     Faith    .   k - +0 ring mail
rPois    .         Spirit   .   c - +0 hat
rElec    .         Reflect  .   (no cloak)
rCorr    .         Harm     .   (no gloves)
MR       .....                  (boots unavailable)
Stlth    +.........             (no amulet)
Regen    0.1/turn               (no ring)
MPRegen  0.1/turn               (no ring)

@: corroded
A: beak, talons 3, able to fly 1
a: Fly


You were on level 2 of the Dungeon.
You were very hungry.

You visited 1 branch of the dungeon, and saw 3 of its levels.

You collected 51 gold pieces.

Inventory:

Hand Weapons
 a - a +0 rapier (weapon)
Missiles
 d - 3 throwing nets
 g - 7 tomahawks
 m - 54 stones (quivered)
Armour
 c - a +0 hat (worn)
 k - a +0 ring mail (worn)
Scrolls
 b - a scroll of blinking {unknown}
 e - a scroll of amnesia {unknown}
 i - 2 scrolls of identify {unknown}
 j - a scroll of remove curse {unknown}
 l - 2 scrolls of enchant weapon {unknown}
Potions
 h - a potion of agility {unknown}
 n - 2 potions of heal wounds {unknown}
 o - a potion of lignification {unknown}
 q - a potion of degeneration {unknown}
Comestibles
 f - 3 bread rations
 p - a royal jelly


   Skills:
 - Level 2.0 Fighting
 * Level 6.4 Short Blades
 - Level 2.0 Throwing
 - Level 3.2 Dodging


You had 4 spell levels left.
You didn't know any spells.

Dungeon Overview and Level Annotations

Branches:
Dungeon (3/15)

Altars:


Innate Abilities, Weirdness & Mutations

You have a beak for a mouth.
You have claws for feet.
You can fly.


Message History

You are too injured to fight recklessly!
You are too injured to fight recklessly!
You hit the jelly. The acid corrodes you!
Your hands burn!
* * * LOW HITPOINT WARNING * * *
The jelly is almost dead.
The jelly closely misses you. The ooze hits you.
* * * LOW HITPOINT WARNING * * *
You hit the jelly but do no damage.
Your hands burn!
* * * LOW HITPOINT WARNING * * *
You claw the jelly, but do no damage.
The jelly is almost dead.
The jelly barely misses you. The ooze closely misses you.
You hit the jelly.
You kill the jelly!
You hit the ooze but do no damage. You peck the ooze.
The ooze is lightly wounded.
The ooze barely misses you. The jelly hits you.
* * * LOW HITPOINT WARNING * * *
The acid corrodes you!
You are splashed with acid!
The acid burns!
You die...

###########>#.# #.#.#
#.#.# ## ##.#.# .##
#....# ..# #..### .##
#..# .# #..######### ##
#..J@J...... ####
##.#########. ...#####
##.#.##
....##.####J###.#######
.....J.J)..## ##......#
.....'..###.###.#####.#
.....'.## ##<#>##
....##.# ##.## ...#####
#.^((.$..


You could see a jelly and an ooze.

Vanquished Creatures
  2 jellies (D:2)
  An adder (D:2)
  6 oozes (D:2)
  A worm (D:2)
  2 leopard geckos (D:2)
  5 bats (D:1)
  A giant cockroach (D:2)
  3 goblins
  5 hobgoblins
  4 jackals
  10 kobolds
  A frilled lizard (D:2)
  6 rats
47 creatures vanquished.

Vanquished Creatures (others)
  2 fungi (D:2)
  8 toadstools (D:2)
10 creatures vanquished.

Grand Total: 57 creatures vanquished

Notes
Turn   | Place    | Note
-------+----------+-------------------------------------------
     0 | D:1      | Knicklaso the Tengu Gladiator began the quest for the Orb.
     0 | D:1      | Reached XP level 1. HP: 12/12 MP: 2/2
   241 | D:1      | Reached XP level 2. HP: 13/17 MP: 3/3
   271 | D:1      | Reached skill level 4 in Short Blades
   958 | D:2      | Reached XP level 3. HP: 21/21 MP: 4/4
  1203 | D:2      | Reached skill level 5 in Short Blades
  1354 | D:2      | Reached XP level 4. HP: 26/26 MP: 5/5
  1408 | D:3      | Reached skill level 6 in Short Blades
  1668 | D:2      | Gained mutation: You can fly. [Tengu growth]
  1668 | D:2      | Reached XP level 5. HP: 30/30 MP: 6/6
  1674 | D:2      | Splashed by a jelly's acid

Skill      XL: |  1  2  3  4 |
---------------+-------------+-----
Short Blades   | 4 5 6 |  6.4
Fighting       | |  2.0
Throwing       | |  2.0
Dodging        | |  3.2

Action                   |  1- 3 |  4- 6 || total
-------------------------+-------+-------++-------
Melee: Rapier            |    68 |    27 ||    95
       Peck              |    12 |     9 ||    21
       Kick              |    18 |     8 ||    26
Throw: Stone             |    42 |       ||    42
  Eat: Chunk             |     1 |       ||     1
Armor: Ring mail         |    14 |     3 ||    17
       Leather armour    |     2 |       ||     2
Dodge: Dodged            |    31 |    18 ||    49
